 Dungeon Crawl Stone Soup version 0.30-a0-728-gc68057be0a (webtiles) character file.

Game seed: 15053128060526919766

275 Laraso the Cudgeller (level 6, 0/53 HPs)
             Began as an Armataur Berserker on Feb 1, 2023.
             Was a Priest of Trog.
             Slain by an iguana (5 damage)
             ... on level 3 of the Dungeon.
             The game lasted 00:03:09 (2284 turns).

Laraso the Cudgeller (Armataur Berserker)           Turns: 2284, Time: 00:03:09

Health: 0/53       AC:  7    Str: 24    XL:     6   Next: 3%
Magic:  6/6        EV:  6    Int:  7    God:    Trog [***...]
Gold:   235        SH:  0    Dex: 10    Spells: 5/5 levels left

rFire   . . .      SeeInvis .    a - +0 flail
rCold   . . .      Faith    .    (no shield)
rNeg    . . .      Spirit   .    d - +0 chain mail
rPois   +          Reflect  .    (no helmet)
rElec   .          Harm     .    (no cloak)
rCorr   .          Roll     +    (no gloves)
Will    .....                    (no barding) Stlth
                                 (no amulet)
HPRegen 0.28/turn                f - ring of poison resistance
MPRegen 0.10/turn                (no ring)

@: no status effects
A: large, rugged brown scales 3, deformed body, armoured tail, roll, long
tongue, awkward tongue
a: Renounce Religion, Berserk, Trog's Hand


You were on level 3 of the Dungeon.
You worshipped Trog.
Trog was most pleased with you.
You visited 1 branch of the dungeon, and saw 4 of its levels.

You collected 235 gold pieces.

Inventory:

Hand Weapons
 a - a +0 flail (weapon)
Armour
 d - a +0 chain mail (worn)
Jewellery
 f - a ring of poison resistance (left hand)
Scrolls
 b - a scroll of enchant weapon
 c - a scroll of teleportation
 e - a scroll of identify
 g - a scroll of immolation
Potions
 h - a potion of curing
 i - a potion of cancellation {unknown}


   Skills:
 - Level 2.6 Fighting
 * Level 6.2 Maces & Flails
 - Level 2.4 Armour
 - Level 1.3 Dodging


You had 5 spell levels left.
You didn't know any spells.
Your spell library was empty.

Dungeon Overview and Level Annotations

Branches:
Dungeon (4/15)
 Temple: D:4-7

Altars:


Innate Abilities, Weirdness & Mutations

You are completely covered in rugged brown scales. (AC +3, +7% HP)
Armour fits poorly on your strangely shaped body.
You have a long armoured tail.
You roll when moving toward enemies. (Rampage)
Your long tongue fully drains potion bottles. (2x potion effects)
Your tongue gives you trouble enunciating. (1.5x scroll delay)


Message History

You kill the gnoll!
Trog accepts your kill.
You have reached level 6!
You thump the gnoll!
The gnoll is heavily wounded.
The gnoll barely misses you.
The iguana hisses menacingly.
You closely miss the gnoll.
The gnoll is heavily wounded.
A gnoll comes into view. It is wielding a +0 halberd.
The gnoll hits you but does no damage.
The gnoll shouts!
You sock the gnoll!
You kill the gnoll!
Trog accepts your kill.
You hear a shout!
You sock the iguana!
The iguana is heavily wounded.
The iguana bites you.
You barely miss the iguana. You tail-slap the iguana.
The iguana is almost dead.
The iguana bites you but does no damage.
You hit the iguana but do no damage.
The iguana is almost dead.
The iguana barely misses you.
The gnoll hits you from afar with a +0 halberd.
You closely miss the iguana.
The iguana is almost dead.
The gnoll hits you from afar with a +0 halberd!
The iguana bites you! x2
The gnoll hits you from afar with a +0 halberd.
* * * LOW HITPOINT WARNING * * *
You are too injured to fight recklessly!
You are too injured to fight recklessly!
You completely miss the iguana.
The iguana is almost dead.
The gnoll hits you from afar with a +0 halberd!
* * * LOW HITPOINT WARNING * * *
The iguana bites you.
You die...

#.# #.# #.# #.# #.# #.# #.# #.#
############.####.###.######.#
#..................##........#
####.##########.####..###########
#.......# #.##...........
#...†<..# #.##..####.####
#.....†.# #.##..### .. #.......#
#.@l....# ♣.. #.......# ####g.#.#
. #.......# #..#.# #.......#
#..... #######.# ##.#.## .# .#..#
# #.# #


You could see an iguana and a gnoll.

Vanquished Creatures
  An ogre (D:4)
  A hound (D:4)
  A jelly (D:4)
  An adder (D:2)
  2 gnolls (D:3)
  3 worms
  3 dart slugs
  8 ball pythons
  8 bats
  6 endoplasms
  3 giant cockroaches
  6 goblins
  8 hobgoblins
  7 jackals
  7 kobolds
  7 quokkas
  4 frilled lizards
  5 rats
81 creatures vanquished.

Notes
Turn   | Place    | Note
-------+----------+-------------------------------------------
     0 | D:1      | Laraso the Armataur Berserker began the quest for the Orb.
     0 | D:1      | Reached XP level 1. HP: 19/19 MP: 1/1
    19 | D:1      | Reached skill level 3 in Maces & Flails
   142 | D:1      | Reached XP level 2. HP: 26/26 MP: 2/2
   470 | D:1      | Reached XP level 3. HP: 29/32 MP: 3/3
   486 | D:1      | Reached ** piety under Trog
   551 | D:1      | Reached skill level 4 in Maces & Flails
   684 | D:1      | Found a faded altar of an unknown god.
   884 | D:2      | Reached XP level 4. HP: 39/39 MP: 4/4
   884 | D:2      | You fall into a shaft and drop 2 floors!
  1089 | D:4      | Reached skill level 5 in Maces & Flails
  1089 | D:4      | Reached XP level 5. HP: 34/44 MP: 5/5
  1164 | D:4      | Noticed an ogre
  1170 | D:4      | Killed an ogre
  1452 | D:2      | Reached skill level 6 in Maces & Flails
  1476 | D:2      | Reached *** piety under Trog
  2277 | D:3      | Reached XP level 6. HP: 53/53 MP: 6/6
  2284 | D:3      | Slain by an iguana

Illustrated notes

Levels and vault maps discovered:
D:1:      erik_arrival_blinker_ship, layout_rooms,
          hellmonk_ecumenical_altar_defaced_shrine, hangedman_decor_push,
          chequers_serial_rivers_room_a, minmay_pentomino_t4
D:2:      layout_basic, serial_forest, infiniplex_forest_clump_small,
          infiniplex_forest_lined_2, infiniplex_forest_clump_tiny,
          infiniplex_forest_straight_3, infiniplex_forest_zigzag_1,
          bh_walls_and_bars
D:3:      layout_loops_ring, mainiacjoe_overflow_catch_the_wave
D:4:      layout_gridville, gup_sewer_entry_bubbles, ebering_ghost_rock_garden,
          minmay_misc_feat_secret_circle, uniq_robin

Skill      XL: |  1  2  3  4  5 |
---------------+----------------+-----
Maces & Flails | 3 4 5 6 |  6.2
Fighting       | |  2.6
Armour         | |  2.4
Dodging        | |  1.3

Action                     |  1- 3 |  4- 6 || total
---------------------------+-------+-------++-------
  Melee: Mace              |    81 |       ||    81
         Tailslap          |    10 |    15 ||    25
         Flail             |    31 |   106 ||   137
 Invoke: Berserk           |       |     1 ||     1
    Use: Scroll            |     4 |     3 ||     7
 Armour: Animal skin       |     5 |       ||     5
         Chain mail        |    52 |    73 ||   125
  Dodge: Dodged            |    34 |    32 ||    66

Table legend: (Time is in decaauts)
 A = Elapsed time spent in this place.
 B = Non-inter-level travel time spent in this place.
 C = Inter-level travel time spent in this place.
 D = Time resting spent in this place.
 E = Time spent auto-exploring this place.
 F = Levels seen in this place.
 G = Mean time per level.
                   A        B        C        D        E       F      G
               +--------+--------+--------+--------+--------+-----+--------+
         Total |   2330 |   2255 |     75 |     61 |   1711 |   4 |  582.5 |
       Dungeon |   2330 |   2255 |     75 |     61 |   1711 |   4 |  582.5 |
               +--------+--------+--------+--------+--------+-----+--------+

Top non-repeatable levels by time:
     D:2: 858 daAuts
     D:1: 769 daAuts
     D:4: 356 daAuts
     D:3: 346 daAuts
